 Dungeon Crawl Stone Soup version 0.21.1-1-g345015f (webtiles) character file.

158 Hebeh the Shield-Bearer (level 5, -4/49 HPs)
             Began as a Deep Dwarf Fighter on June 13, 2018.
             Slain by Sigmund
             ... wielding a +1 scythe of freezing
              (5 damage)
             ... on level 3 of the Dungeon.
             The game lasted 00:37:05 (2883 turns).

Hebeh the Shield-Bearer (Deep Dwarf Fighter)        Turns: 2883, Time: 00:37:05

Health: -4/49      AC:  7    Str: 21    XL:     5   Next: 16%
Magic:  5/5        EV:  7    Int:  8    God:
Gold:   171        SH:  9    Dex: 12    Spells: 4/4 levels left

rFire    . . .     SeeInvis .   s - +0 blowgun (curse)
rCold    . . .     Gourm    .   c - +0 shield
rNeg     . . .     Faith    .   b - +0 scale mail
rPois    .         Spirit   .   (no helmet)
rElec    .         Reflect  .   (no cloak)
rCorr    .         Harm     .   (no gloves)
MR       .....                  (no boots)
Stlth    +.........             (no amulet)
HPRegen  0.00/turn              (no ring)
MPRegen  0.09/turn              (no ring)

@: lethally poisoned (-4 -> -4), non-regenerating
A: damage resistance, heal wounds, sense surroundings 1, no regeneration
a: Heal Wounds


You were on level 3 of the Dungeon.
You were near starving.

You visited 1 branch of the dungeon, and saw 3 of its levels.

You collected 171 gold pieces.

Inventory:

Hand Weapons
 a - a +1 war axe
 l - a +2 dagger of freezing
 s - a cursed +0 blowgun (weapon)
 u - a +0 blowgun
 x - a +0 whip
Missiles
 g - 3 javelins of penetration
 r - 53 stones
 t - 17 poisoned needles (quivered)
 w - 2 throwing nets
Armour
 b - a +0 scale mail (worn)
 c - a +0 shield (worn)
Jewellery
 k - an uncursed amulet of harm {unknown}
 n - an uncursed ring of stealth {unknown}
 y - an uncursed amulet of guardian spirit {unknown}
Scrolls
 h - a scroll of fog
 m - a scroll of amnesia {unknown}
 o - a scroll of enchant weapon
 q - a scroll of teleportation
 v - a scroll of remove curse {unknown}
Potions
 d - a potion of might
 e - 5 potions of heal wounds {unknown}
 i - a potion of agility {unknown}
 j - 2 potions of flight {unknown}
 p - a potion of berserk rage {unknown}
Comestibles
 f - 4 rations


   Skills:
 + Level 3.3 Fighting
 * Level 3.3 Axes
 * Level 4.1 Armour
 * Level 2.3 Stealth
 * Level 4.2 Shields


You had 4 spell levels left.
You didn't know any spells.

Dungeon Overview and Level Annotations

Branches:
Dungeon (3/15)

Altars:
Qazlal
Trog
Uskayaw
Xom

Annotations:
D:3 Sapher's ghost, weakling GnNe; Sigmund


Innate Abilities, Weirdness & Mutations

You are resistant to damage.
You can heal yourself by infusing magical energy.
You passively map a small area around you.
You do not regenerate.


Message History

The adder bites you.
You are poisoned.
The adder poisons you! Something hits you!
* * * LOW HITPOINT WARNING * * *
Something freezes you.
You miss the adder. You block the adder's attack. The adder bites you.
You are more poisoned.
The adder poisons you! Something hits you but does no damage.
You closely miss the adder. The adder bites you but does no damage.
You block the adder's attack. You block something's attack.
The adder bites you but does no damage.
You closely miss the adder. You block the adder's attack.
Something hits you but does no damage. The adder bites you but does no damage.
Your shield and scale mail prevent you from hitting the adder.
You block the adder's attack. Something hits you!
* * * LOW HITPOINT WARNING * * *
Something freezes you.
You closely miss the adder. You block the adder's attack.
The adder barely misses you. Something hits you!
You die...

, * # ...## ,,
*# .... *** #
.... ,, , +
#.., ,, # #..*
, * #.#* * ,*
#S# * ,, #@#
#.# * #.######
*, #......# *,
######.###* ,
#.....# ###
#.###.#* #..
#.# #.# ,* #..
#.###.#######..


You could see an adder.

Vanquished Creatures
  An orc priest (D:2)
  An orc wizard (D:3)
  3 gnolls (D:2)
  An adder (D:2)
  4 worms
  2 dart slugs (D:1)
  5 orcs (D:1)
  A ball python (D:2)
  3 bats (D:1)
  2 giant cockroaches
  7 goblins
  5 hobgoblins
  7 kobolds
  3 frilled lizards
  3 rats (D:1)
48 creatures vanquished.

Notes
Turn   | Place    | Note
-------+----------+-------------------------------------------
     0 | D:1      | Hebeh the Deep Dwarf Fighter began the quest for the Orb.
     0 | D:1      | Reached XP level 1. HP: 20/20 MP: 1/1
   212 | D:1      | Reached XP level 2. HP: 27/27 MP: 2/2
   558 | D:1      | Reached XP level 3. HP: 32/34 MP: 3/3
  1705 | D:2      | Found a stormy altar of Qazlal.
  1710 | D:2      | Found a shimmering altar of Xom.
  1714 | D:2      | Found a hide-covered altar of Uskayaw.
  1721 | D:2      | Reached skill level 1 in Stealth
  1849 | D:2      | Reached XP level 4. HP: 8/42 MP: 4/4
  1973 | D:2      | Found a bloodstained altar of Trog.
  2550 | D:3      | Reached XP level 5. HP: 31/49 MP: 5/5
  2610 | D:3      | Noticed Sigmund
  2782 | D:3      | Noticed Sapher's ghost (weakling GnNe)
  2882 | D:3      | HP: 1/49 [something (7)]
  2883 | D:3      | Slain by Sigmund

Skill      XL: |  1  2  3  4 |
---------------+-------------+-----
Fighting       | 3 |  3.3
Stealth        | 1 2 |  2.3
Axes           | 3 |  3.3
Shields        | 4 |  4.2
Armour         | 4 |  4.1

Action                   |  1- 3 |  4- 6 || total
-------------------------+-------+-------++-------
Melee: War axe           |   110 |    20 ||   130
       Blowgun           |       |    31 ||    31
 Fire: Blowgun           |       |    34 ||    34
Throw: Javelin           |       |     1 ||     1
 Abil: Heal Wounds       |     1 |     2 ||     3
  Use: Scroll            |       |     3 ||     3
  Eat: Ration            |     1 |       ||     1
       Chunk             |       |     1 ||     1
Armor: Scale mail        |    51 |    61 ||   112
Dodge: Dodged            |    41 |    37 ||    78
Block: Shield            |    64 |    83 ||   147
